 Dungeon Crawl Stone Soup version 0.18.1-48-g4cf74bf (webtiles) character file.

884 Gargoyl the Covered (level 7, -3/55 HPs)
             Began as a Demonspawn Abyssal Knight on Aug 20, 2016.
             Was a Priest of Lugonu.
             Slain by Prince Ribbit (12 damage)
             ... on level 4 of the Dungeon.
             The game lasted 00:12:38 (5339 turns).

Gargoyl the Covered (Demonspawn Abyssal Knight)     Turns: 5339, Time: 00:12:39

Health: -3/55      AC: 13    Str: 14    XL:     7   Next: 76%
Magic:  0/9        EV:  9    Int: 14    God:    Lugonu [***...]
Gold:   367        SH:  0    Dex: 12    Spells: 0 memorised, 6 levels left

rFire  . . .     SeeInvis .     y - +0 war axe
rCold  . . .     Gourm    .     s - +0 chain mail
rNeg   . . .     Faith    .     (no shield)
rPois  .         Spirit   +     v - +1 hat
rElec  .         Dismiss  .     m - +0 cloak
rCorr  .         Reflect  .     q - +0 pair of gloves
SustAt .         Harm     .     (no boots)
MR     +....                    (no amulet)
Stlth  ..........               t - ring of protection from magic
                                e - +2 ring of evasion

@: very slightly contaminated, somewhat resistant to hostile enchantments,
extremely unstealthy
A: talons 1, magic shield, rot immunity
a: Depart the Abyss, Bend Space, Banish, Renounce Religion


You were on level 4 of the Dungeon.
You worshipped Lugonu.
Lugonu was most pleased with you.
You were near starving.

You visited 1 branch of the dungeon, and saw 5 of its levels.
You visited the Abyss 1 time.

You collected 367 gold pieces.

Inventory:

Hand Weapons
 y - a +0 war axe (weapon)
Armour
 m - a +0 cloak (worn)
 q - a +0 pair of gloves (worn)
 s - a +0 chain mail (worn)
 v - a +1 hat (worn)
 C - a +0 helmet
Jewellery
 e - a +2 ring of evasion (left hand)
 i - an uncursed ring of poison resistance
 t - a ring of protection from magic (right hand)
 B - an uncursed ring of fire
Scrolls
 f - 4 scrolls of identify
 h - a scroll of amnesia
 n - a scroll of teleportation
 p - a scroll of magic mapping
 u - 3 scrolls of remove curse
Potions
 w - a potion of flight
Comestibles
 c - 5 bread rations
 d - a beef jerky
 o - 3 meat rations


   Skills:
 + Level 4.9 Fighting
 + Level 3.9 Axes
 + Level 0.5 Throwing
 * Level 5.3 Armour
 + Level 3.0 Dodging
 + Level 0.8 Stealth
 + Level 3.0 Invocations


You had 6 spell levels left.
You didn't know any spells.

Dungeon Overview and Level Annotations

Branches:
Dungeon (5/15)
 Temple: D:4-7

Altars:
Dithmenos
Pakellas
Vehumet

Shops:
D:4 }

Annotations:
D:4 Prince Ribbit
D:5 Eustachio


Innate Abilities, Weirdness & Mutations

You have sharp toenails.
When hurt, damage is shared between your health and your magic reserves.
You are immune to rotting.


Message History

You don't have enough magic at the moment.
There is a stone staircase leading down, spattered with blood here.
Prince Ribbit hits you but does no damage.
You see here a giant newt skeleton.
There is a stone staircase leading down, spattered with blood here.
Press: ? - help, Shift-Dir - straight line, f - Prince Ribbit
Aim: Prince Ribbit (moderately wounded, chance to defeat MR: 67%) Prince Ribbit struggles to resist.
You feel somewhat more hungry.
Prince Ribbit blinks!
You start resting.
Prince Ribbit is nearby!
Your extra speed is starting to run out.
Prince Ribbit blinks!
You are near starving!
There is a stone staircase leading down, spattered with blood here.
You feel yourself slow down. Prince Ribbit closely misses you.
Prince Ribbit hits you!
* * * LOW HITPOINT WARNING * * *
Prince Ribbit hits you!
You die...

##...#...#......#.##.###.###
.....##.##.#.#.............#
####..####.....#.#.#######.#
###......####.#.# #.#
##....## #.#># #.# ###
###### #.#.# #.# ..# #.#.#
#.# ..# ###F#.# #.# ..######
#..@..#######.# .......##
##.#.###.......# ........#
##.#....#.#######
#.####..####.###.#.#.# #.#
#......## ##....# #.#
##.####)###.#.### #.# #)#
##.#....# #.#####.# ##.#.###
#.......######.#.#


You could see Prince Ribbit.

Vanquished Creatures
  The ghost of ayyllmao the Shield-Bearer, a novice FoFi of Makhleb (D:5)
  An ogre (D:5)
  A phantom (D:4)
  A centaur (D:3)
  Blork the orc (D:4)
  A giant frog skeleton (D:5)
  An orc priest (D:3)
  6 gnolls
  6 adders
  An ooze (D:2)
  An adder skeleton (D:5)
  A worm (D:3)
  A dart slug (D:3)
  A giant gecko (D:1)
  6 orcs
  11 bats
  4 giant cockroaches
  6 goblins
  11 hobgoblins
  11 jackals
  3 quokkas
  A giant gecko skeleton (D:4)
  8 giant newts
  A jackal skeleton (D:4)
  11 kobolds
  10 rats
107 creatures vanquished.

Notes
Turn   | Place    | Note
--------------------------------------------------------------
     0 | Abyss:1  | Gargoyl the Demonspawn Abyssal Knight began the quest for the Orb.
     0 | Abyss:1  | Reached XP level 1. HP: 18/18 MP: 2/2
    89 | Abyss:2  | Noticed a seven-headed hydra simulacrum
   102 | Abyss:2  | Noticed a small abomination
   109 | Abyss:2  | Noticed a seven-headed hydra skeleton
   112 | Abyss:2  | Noticed an apocalypse crab
   112 | D:1      | Escaped the Abyss
   167 | D:1      | Reached skill level 1 in Dodging
   384 | D:1      | Gained mutation: You have sharp toenails. [demonic ancestry]
   384 | D:1      | Reached XP level 2. HP: 19/24 MP: 3/3
   644 | D:1      | Reached * piety under Lugonu
   644 | D:1      | Reached skill level 2 in Armour
  1124 | D:2      | Gained mutation: You are immune to rotting. [demonic ancestry]
  1124 | D:2      | Reached XP level 3. HP: 29/29 MP: 5/5
  1453 | D:2      | Reached ** piety under Lugonu
  1589 | D:2      | Reached XP level 4. HP: 36/37 MP: 6/6
  2485 | D:3      | Reached skill level 3 in Armour
  2485 | D:3      | Reached XP level 5. HP: 35/42 MP: 7/7
  2623 | D:3      | Reached *** piety under Lugonu
  3047 | D:3      | Found a shadowy altar of Dithmenos.
  3047 | D:3      | Found a radiant altar of Vehumet.
  3200 | D:3      | Noticed a centaur
  3216 | D:3      | Killed a centaur
  3260 | D:4      | Noticed a phantom
  3325 | D:4      | Killed a phantom
  3325 | D:4      | Reached XP level 6. HP: 17/48 MP: 8/8
  3752 | D:4      | Reached skill level 4 in Armour
  3928 | D:4      | Found an oddly glowing altar of Pakellas.
  3928 | D:4      | Found Pakellas's Prime Provisions.
  4370 | D:5      | Entered Level 5 of the Dungeon
  4370 | D:5      | Noticed ayyllmao's ghost (novice FoFi)
  4373 | D:5      | Noticed Blork the orc
  4390 | D:4      | Killed Blork the orc
  4581 | D:5      | Noticed Prince Ribbit
  4861 | D:5      | Killed ayyllmao's ghost
  4861 | D:5      | Reached skill level 5 in Armour
  4861 | D:5      | Gained mutation: When hurt, damage is shared between your health and your magic reserves. [demonic ancestry]
  4861 | D:5      | Reached XP level 7. HP: 31/55 MP: 9/9
  5219 | D:5      | Noticed Eustachio
  5339 | D:4      | Slain by Prince Ribbit

Skill      XL: |  1  2  3  4  5  6  7 |
---------------+----------------------+-----
Dodging        | 1 2 3 |  3.0
Armour         | 2 3 5 |  5.3
Axes           | 2 3 |  3.9
Invocations    | 3 |  3.0
Fighting       | 4 |  4.9
Throwing       | |  0.5
Stealth        | |  0.8

Action                   |  1- 3 |  4- 6 |  7- 9 || total
-------------------------+-------+-------+-------++-------
Melee: Hand axe          |   134 |   119 |       ||   253
       Kick              |    16 |    71 |    13 ||   100
       War axe           |       |   210 |    43 ||   253
Throw: Tomahawk          |       |     4 |       ||     4
Invok: Depart the Abyss  |     1 |       |       ||     1
       Banish            |       |       |     1 ||     1
  Use: Scroll            |       |     7 |     2 ||     9
       Potion            |       |     9 |     1 ||    10
  Eat: Chunk             |     2 |     9 |       ||    11
       Fruit             |       |     2 |     2 ||     4
Armor: Leather armour    |     7 |       |       ||     7
       Ring mail         |    32 |       |       ||    32
       Chain mail        |    18 |   239 |    28 ||   285
       Skin              |       |    17 |       ||    17
Dodge: Dodged            |   108 |   198 |    21 ||   327
